 Dungeon Crawl Stone Soup version 0.22-a0-3-g4fa69d9 (webtiles) character file.

380544 Gorice the Executioner (level 22, -15/215 HPs)
             Began as a Hill Orc Fighter on Dec 31, 2017.
             Was the Champion of Beogh.
             Killed from afar by a red draconian knight (39 damage)
             ... with a bolt of cold
             ... on level 2 of the Depths on Jan 1, 2018.
             The game lasted 05:27:59 (58599 turns).

Gorice the Executioner (Hill Orc Fighter)          Turns: 58599, Time: 05:28:01

Health: -15/215    AC: 36    Str: 26    XL:     22   Next: 87%
Magic:  32/32      EV:  8    Int: 19    God:    Beogh [******]
Gold:   6096       SH:  0    Dex: 13    Spells: 10/21 levels left

rFire    + . .     SeeInvis +   a - +4 executioner's axe (chop)
rCold    . . .     Gourm    .   (shield currently unavailable)
rNeg     . . .     Faith    .   g - +3 plate armour {rF+}
rPois    .         Spirit   .   N - +2 helmet
rElec    .         Reflect  .   t - +1 cloak {MR+}
rCorr    .         Harm     .   M - +0 pair of gloves
MR       +++..                  Y - +2 pair of boots of the Ditch-Digger {Str+3 Int+2 Stlth+}
Stlth    ..........             F - amulet of regeneration
HPRegen  0.85/turn              m - ring of Puduis {MR+ Int+3 Dex+3}
MPRegen  0.23/turn              i - ring of see invisible

@: no status effects
A: walk on water
}: 2/15 runes: barnacled, gossamer
a: Smiting, Recall Orcish Followers, Give Item to Named Follower, Resurrection,
Renounce Religion


You were on level 2 of the Depths.
You worshipped Beogh.
Beogh was exalted by your worship.
You were not hungry.

You visited 10 branches of the dungeon, and saw 44 of its levels.
You visited 1 bazaar.
You also visited: Labyrinth and Wizlab.

You collected 6406 gold pieces.
You spent 310 gold pieces at shops.

Inventory:

Hand Weapons
 a - a +4 executioner's axe of chopping (weapon)
   (You acquired it on level 1 of the Lair of Beasts)
 B - a +2 blowgun
Missiles
 A - 16 javelins of returning (quivered)
 V - 8 curare-tipped needles
 W - 19 javelins of penetration
 Z - 5 throwing nets
Armour
 g - a +3 plate armour of fire resistance (worn)
   (You found it in a labyrinth)
 t - a +1 cloak of magic resistance (worn)
   (You found it on level 5 of the Lair of Beasts)
 M - a +0 pair of gloves (worn)
 N - a +2 helmet (worn)
 Y - the +2 pair of boots of the Ditch-Digger (worn) {Str+3 Int+2 Stlth+}
   (You found it in a labyrinth)

   It affects your strength (+3).
   It affects your intelligence (+2).
   It makes you more stealthy.
Jewellery
 c - an uncursed ring of protection from cold
 e - an uncursed ring of positive energy
 i - a ring of see invisible (right hand)
 m - the ring of Puduis (left hand) {MR+ Int+3 Dex+3}
   (You found it on level 1 of the Depths)

   [ring of protection from magic]

   It affects your intelligence (+3).
   It affects your dexterity (+3).
   It affects your resistance to hostile enchantments.
 p - an uncursed ring of protection from magic
 C - an uncursed ring of resist corrosion
 F - an amulet of regeneration (around neck)
 O - the ring "Jotuoplu" {+Fly rElec rPois Int+3}
   (You took it off a spriggan air mage in a wizard's laboratory)

   [ring of flight]

   It affects your intelligence (+3).
   It insulates you from electricity.
   It protects you from poison.
   It lets you fly.
Wands
 r - a wand of acid (20)
 w - a wand of clouds (7)
 J - a wand of scattershot (14)
 U - a wand of digging (35)
Scrolls
 j - 22 scrolls of teleportation {!r}
 k - 6 scrolls of fear {!r}
 l - 5 scrolls of blinking
 o - 5 scrolls of fog
 s - 20 scrolls of remove curse
 v - a scroll of magic mapping {!r}
 z - 2 scrolls of summoning {!r}
 L - 6 scrolls of identify
Potions
 b - 3 potions of berserk rage
 d - 4 potions of might {!q}
 h - 11 potions of haste {!q}
 n - 8 potions of agility {!q}
 u - 2 potions of flight
 x - 9 potions of heal wounds {!q}
 D - 2 potions of invisibility {!q}
 H - 12 potions of curing
 Q - a potion of cancellation {!q}
 T - a potion of resistance {!q}
Miscellaneous
 K - 3 boxes of beasts
Comestibles
 f - 58 rations
 q - 20 chunks of flesh


   Skills:
 - Level 22.0 Fighting
 - Level 26.0 Axes
 - Level 10.1 Throwing
 - Level 22.0 Armour
   Level 4.0 Shields
 + Level 0.3 Spellcasting
 + Level 0.4 Translocations
 + Level 14.4 Invocations
 - Level 12.0 Evocations


You had 10 spell levels left.
You knew the following spells:

 Your Spells              Type           Power        Failure   Level  Hunger
p - Portal Projectile     Hex/Tloc       #.....       94%         3    ####...
A - Apportation           Tloc           #.....       58%         1    ##.....
J - Blink                 Tloc           N/A          73%         2    ###....
R - Regeneration          Chrm/Necr      #.........   95%         3    ####...
S - Swiftness             Chrm/Air       #.......     80%         2    ###....


Dungeon Overview and Level Annotations

Branches:
Dungeon (15/15)            Temple (1/1) D:7            Lair (6/6) D:11
 Shoals (4/4) Lair:2       Spider (4/4) Lair:4        Slime (0/5) Lair:6
    Orc (2/2) D:12            Elf (3/3) Orc:2        Vaults (4/5) D:13
  Crypt (3/3) Vaults:3       Tomb (0/3) Crypt:3      Depths (2/5) D:15

Altars:
Ashenzari
Cheibriados
Dithmenos
Elyvilon
Fedhas
Gozag
Hepliaklqana
Kikubaaqudgha
Makhleb
Nemelex Xobeh
Okawaru
Qazlal
Ru
Sif Muna
Trog
Uskayaw
Vehumet
Wu Jian
Xom
Yredelemnul
Zin
The Shining One

Shops:
D:14 =   Orc:2 (?(%   Elf:1 =}=   Elf:2 (   Vaults:3 %   Vaults:4 =

Portals:
Hell: Depths:1
Abyss: Depths:1 Depths:2
Ziggurat: Depths:2

Annotations:
D:8 Erica
Shoals:3 exclusion: oklob plant
Spider:1 exclusion: Roxanne, Roxanne


Message History

* * * LOW HITPOINT WARNING * * *
Something bites you but does no damage.
Brandogh hits the red draconian knight with a +1 glaive!
The red draconian knight gestures wildly while chanting.
The red draconian knight flickers and vanishes!
You hit something. You completely miss something. You miss something.
Something hits you but does no damage. Something bites you but does no damage.
Something hits you but does no damage. Something bites you but does no damage.
Damage: 16 (max 25)
You miss something. You hit something but do no damage. You hit something.
You hear some strange, mumbled words.
A shard of ice appears from out of thin air!
The shard of ice hits you!
* * * LOW HITPOINT WARNING * * *
Damage: 30 (max 30) Unknown command.
Put on which piece of jewellery? (? for menu, Esc to quit)
You're wearing all the rings you can.
Remove which one? (? for menu, Esc to cancel) < or
m - the ring of Puduis {MR+ Int+3 Dex+3} > or
O - the ring "Jotuoplu" {+Fly rElec rPois Int+3} You remove the ring "Jotuoplu" {+Fly rElec rPois Int+3}.
Something hits you but does no damage. Something bites you but does no damage.
Reactivating autopickup.
i - a ring of see invisible (right hand)
The red draconian knight gestures at you while chanting.
The shard of ice hits you!
* * * LOW HITPOINT WARNING * * *
The vampire knight hits you with a great sword of slicing!
* * * LOW HITPOINT WARNING * * *
x2 The vampire knight barely misses you.
The vampire knight hits you but does no damage.
The vampire knight bites you but does no damage.
Damage: 41 (max 41) Unknown command.
The red draconian knight hits you from afar with a halberd of freezing.
* * * LOW HITPOINT WARNING * * *
The red draconian knight freezes you.
* * * LOW HITPOINT WARNING * * *
The vampire knight blinks!
Damage: 8 (max 41) Unknown command.
Unknown command.
The vampire knight barely misses Brandogh.
The vampire knight bites Brandogh but does no damage.
The red draconian knight gestures at you while chanting.
The bolt of cold hits the vampire knight.
The vampire knight resists.
The bolt of cold hits Brandogh.
The bolt of cold hits you!
You die...

.......# .......# #.....#
#.# #......###....... #.#
#####...$.##.........
#.####.#.#(#.#...........#
'..........(.............#
#.##.#.##'##(#...........#
#.##...#...#(.....i§......
#.##.#.'...+.#(.@oVq......
#..#...#...#..#.).........
.(...#.##'##.###.V........
.............. ##.........
.....#.#.#.#.###.........#
.......######. .........##
.......# ..........#
.......# ###...###..#
........ #...# #.##


You could see a red draconian knight (invisible), 2 vampire knights, a spriggan
defender and the friendly Brandogh the orc warlord.

Vanquished Creatures
  Mara (Elf:3)
  Bai Suzhen (Spider:4)
  Jory (Crypt:2)
  A profane servitor (Crypt:3)
  A golden dragon (Vaults:4)
  A Cloud Mage (WizLab)
  A lich (Crypt:2)
  A kraken (Shoals:1)
  A deep elf master archer (Elf:3)
  An ancient champion (Crypt:3)
  2 sphinxes
  A tengu reaver (Crypt:2)
  A revenant (Crypt:3)
  Ilsuiw (Shoals:4)
  3 fire giants
  2 ghost moths
  An emperor scorpion (Spider:4)
  2 deep elf sorcerers
  A vault warden (Vaults:4)
  Louise (D:15)
  2 curse skulls
  4 stone giants
  A war gargoyle (Vaults:2)
  3 ironheart preservers
  2 deep elf elementalists (Elf:3)
  3 deep elf demonologists
  3 very ugly things
  Nessos (Lair:5)
  2 entropy weavers
  4 vampire knights
  3 spark wasps
  2 deep elf annihilators (Elf:3)
  The ghost of Potsanchik the Quickloader, a journeyman HuAM of Okawaru (Lair:2)
  4 ettins
  An eidolon (Crypt:1)
  3 merfolk javelineers
  9 jiangshi
  Josephine (Lair:3)
  A minotaur (Lab)
  3 blizzard demons
  5 deep elf death magi
  2 fire dragons
  3 deep elf high priests
  2 rakshasas
  A vault guard (D:13)
  2 yaktaur captains
  2 great orbs of eyes
  6 merfolk impalers
  Fannar (D:10)
  A spectral shadow dragon (Crypt:3)
  6 hydras
  The ghost of Potsanchik the Jinx, a journeyman HuAM of Okawaru (Lair:1)
  3 merfolk avatars
  2 ice dragons (Vaults:3)
  6 death knights
  A ghost crab (WizLab)
  4 spriggan air magi (WizLab)
  An alligator snapping turtle (Shoals:4)
  Erolcha (D:9)
  5 centaur warriors
  A queen ant (Lair:3)
  2 satyrs
  5 death yaks
  14 dancing weapons
  8 ogre magi
  26 two-headed ogres
  A tengu warrior (Depths:2)
  A merfolk aquamancer (Shoals:4)
  A deep troll shaman (Depths:1)
  2 vampire magi (Crypt:1)
  2 shock serpents (WizLab)
  2 orc high priests
  18 deep elf knights
  Sonja (D:11)
  A soul eater (Crypt:1)
  3 sun demons (Depths:1)
  A titan skeleton (Depths:2)
  An iron troll (Depths:1)
  Nergalle (D:11)
  2 shadow wraiths
  A fire crab (WizLab)
  17 skeletal warriors
  A large abomination (Crypt:3)
  5 deep trolls
  3 unseen horrors
  2 death drakes (WizLab)
  8 sea snakes
  A glowing orange brain (Vaults:3)
  2 lindwurms
  4 flayed ghosts
  4 wizards
  4 orc knights
  9 deep elf archers
  2 phantasmal warriors
  7 ironbrand convokers
  33 deep elf magi
  7 orb spiders
  7 harpies
  4 necromancers
  7 cyclopes
  6 oklob plants
  7 orc sorcerers
  11 wolf spiders
  A fire giant zombie (Crypt:3)
  10 manticores
  A faun (shapeshifter) (Vaults:4)
  27 ugly things
  8 fauns
  A salamander (shapeshifter) (Vaults:4)
  A sphinx skeleton (Depths:1)
  4 black mambas
  9 elephants
  A frost giant skeleton (Depths:1)
  A guardian serpent (shapeshifter) (Vaults:1)
  5 merfolk sirens
  3 vault sentinels
  4 water nymphs
  3 molten gargoyles (Lair:6)
  2 apocalypse crabs (WizLab)
  A spiny frog (shapeshifter) (D:15)
  2 gargoyles
  A white draconian zombie (Crypt:1)
  A spiny frog (Lair:3)
  A dire elephant skeleton (Crypt:1)
  11 komodo dragons
  3 torpor snails
  3 demonic crawlers
  A human zombie (Vaults:2)
  4 rime drakes
  11 freezing wraiths
  4 ice devils
  A yellow draconian skeleton (Crypt:1)
  19 yaktaurs
  A queen bee (Lair:2)
  4 tengu conjurers
  7 trolls
  2 wind drakes (WizLab)
  3 hornets
  18 merfolk
  2 polar bears
  A wolf spider simulacrum (Lair:5)
  A blink frog (shapeshifter) (Vaults:4)
  14 blink frogs
  11 dream sheep
  A snapping turtle (shapeshifter) (Elf:1)
  17 jumping spiders
  A fire dragon zombie (Crypt:2)
  A fire giant simulacrum (Vaults:1)
  11 hippogriffs
  32 slime creatures
  7 snapping turtles
  A frost giant simulacrum (Crypt:1)
  31 flying skulls (Crypt:3)
  4 shadows
  Sigmund (D:4)
  51 redbacks
  7 water elementals
  4 wyverns
  7 tarantellas
  35 yaks
  10 air elementals
  2 vampires (D:15)
  2 hogs (Spider:1)
  14 wraiths
  4 fire elementals
  A golden eye (shapeshifter) (Vaults:4)
  3 small abominations
  16 humans (D:13)
  4 basilisks
  4 vampire mosquitoes (Lair:2)
  A basilisk (shapeshifter) (D:13)
  The ghost of Potsanchik the Vexing, an amateur HuAM (D:4)
  5 wargs
  2 steam dragons
  An insubstantial wisp (Lair:2)
  A swamp worm (shapeshifter) (Vaults:2)
  A faun zombie (Crypt:2)
  6 water moccasins
  8 soldier ants (Lair:3)
  A hydra simulacrum (Lair:5)
  A soldier ant (shapeshifter) (Vaults:4)
  7 hell hounds
  4 porcupines
  5 ice beasts
  An eye of draining (D:8)
  An ettin simulacrum (Vaults:2)
  2 sky beasts
  20 orc warriors
  A hornet zombie (D:14)
  A swamp drake (Lair:2)
  3 necrophages (Crypt:3)
  7 boggarts
  26 ogres
  A wolf (D:13)
  2 phantoms
  A snapping turtle skeleton (Crypt:2)
  2 black bears (D:7)
  A boggart (shapeshifter) (Elf:1)
  3 elf skeletons
  20 centaurs
  A lindwurm skeleton (Crypt:2)
  7 crocodiles
  2 big kobolds
  A rime drake zombie (Crypt:2)
  Blork the orc (D:5)
  A fire crab zombie (Crypt:1)
  13 bullfrogs
  A wyvern zombie (D:13)
  An earth elemental (Elf:2)
  A human skeleton (Vaults:2)
  7 scorpions
  A wyvern skeleton (D:10)
  31 killer bees
  5 howler monkeys
  6 electric eels
  3 centaur zombies
  7 crimson imps
  A bullfrog zombie (D:12)
  12 hounds
  5 lava snakes (Lair:6)
  2 quasits
  11 orc priests
  4 jellies
  5 centaur skeletons
  A black bear skeleton (Crypt:1)
  Natasha (thrice) (D:4)
  4 iguanas
  37 orc wizards
  33 worker ants
  A bullfrog simulacrum (D:13)
  A hound zombie (D:5)
  2 hound skeletons
  2 worker ant zombies
  Robin (D:2)
  4 gnolls (D:12)
  9 adders
  4 shadow imps
  5 white imps
  3 adder skeletons
  An adder zombie (D:5)
  3 worms
  4 dart slugs
  3 leopard geckos
  78 orcs
  6 bats
  9 giant cockroaches
  16 goblins
  9 hobgoblins
  4 jackals
  A quokka (D:4)
  5 ball pythons
  3 frilled lizards
  13 kobolds
  A leopard gecko zombie (D:6)
  A quokka skeleton (D:7)
  A quokka zombie (D:8)
  4 rats
  A river rat skeleton (Crypt:1)
  A crawling corpse (Elf:3)
  7 fungi
  26 plants
  A tentacle (Shoals:1)
1430 creatures vanquished.

Vanquished Creatures (collateral kills)
  Sojobo (Crypt:2)
  Saint Roka (Depths:1)
  Frederick (Crypt:3)
  A bone dragon (Crypt:3)
  Jorgrun (Spider:3)
  A lich (Crypt:3)
  2 deep elf blademasters
  A deep elf master archer (Elf:3)
  Kirke (Spider:1)
  The ghost of teton the Destroyer, an adept DrFE of Vehumet (D:15)
  2 tengu reavers
  A storm dragon (Vaults:2)
  2 ancient champions (Crypt:3)
  A fire giant (Vaults:2)
  6 emperor scorpions
  A deep elf sorcerer (Elf:3)
  A ghost moth (Spider:4)
  A ghoul (Crypt:3)
  2 very ugly things (Depths:1)
  2 ironheart preservers
  3 deep elf elementalists (Elf:3)
  3 stone giants
  A deep elf demonologist (Elf:1)
  3 entropy weavers
  6 deep elf annihilators (Elf:3)
  2 deep elf death magi (Elf:3)
  5 deep elf high priests (Elf:3)
  A quicksilver dragon zombie (Crypt:2)
  3 yaktaur captains
  A merfolk javelineer (Shoals:4)
  9 merfolk impalers
  An ice dragon (Vaults:1)
  5 jiangshi (Crypt:3)
  2 death knights
  2 merfolk aquamancers (Shoals:4)
  3 two-headed ogres
  3 centaur warriors
  15 dancing weapons
  A satyr (Shoals:4)
  3 tengu warriors
  A titan skeleton (Depths:1)
  A sun demon (Depths:1)
  11 deep elf knights
  An iron troll (Depths:1)
  3 sea snakes
  19 skeletal warriors
  A deep troll (Vaults:3)
  An anaconda zombie (Crypt:1)
  3 wizards
  A shadow dragon zombie (Crypt:1)
  3 flayed ghosts
  7 deep elf archers
  2 phantasmal warriors (Crypt:2)
  A kraken simulacrum (Shoals:4)
  An ironbrand convoker (Vaults:2)
  4 necromancers
  20 wolf spiders
  A spectral wolf spider (Crypt:3)
  6 orc knights
  6 harpies
  7 ugly things
  27 deep elf magi
  4 fauns
  6 orb spiders
  A spectral ice dragon (Crypt:3)
  4 manticores
  4 merfolk sirens
  4 elephants (Lair:6)
  4 cyclopes
  2 black mambas (Lair:6)
  4 water nymphs
  4 vault sentinels
  A spiny frog (Lair:6)
  9 yaktaurs
  5 demonic crawlers
  A troll (Depths:1)
  A red draconian skeleton (Crypt:1)
  13 jumping spiders
  7 merfolk
  A queen bee (shapeshifter) (Vaults:1)
  3 hornets
  A troll (shapeshifter) (Vaults:2)
  3 wind drakes
  13 slime creatures
  A slime creature (shapeshifter) (D:15)
  3 snapping turtles (Shoals:4)
  2 hippogriffs
  4 dream sheep
  A centaur simulacrum (D:13)
  An alligator zombie (Crypt:1)
  4 air elementals
  20 flying skulls (Crypt:3)
  29 redbacks
  A deep troll skeleton (Depths:1)
  A shadow (Vaults:3)
  2 water elementals (Depths:1)
  4 humans (D:13)
  3 wraiths
  12 tarantellas
  A wyvern (D:13)
  A basilisk (Lair:6)
  An elf zombie (Depths:2)
  A yak (D:13)
  A fire elemental (Elf:2)
  A hungry ghost (D:14)
  2 wargs
  2 acid dragons
  A merfolk zombie (Crypt:2)
  4 small abominations
  A hydra simulacrum (Lair:5)
  A sky beast (D:13)
  2 ice beasts (D:13)
  5 orc warriors
  A boggart (Vaults:1)
  2 ogres
  2 earth elementals
  An electric eel (Spider:1)
  2 crimson imps (Depths:1)
  A komodo dragon simulacrum (Lair:5)
  A worker ant (D:13)
  A bullfrog simulacrum (Lair:5)
  3 white imps (Depths:1)
  3 orcs
  A crawling corpse (Elf:3)
  9 plants
  A tentacle (Shoals:4)
464 creatures vanquished.

Vanquished Creatures (others)
  5 orc warlords
  A deep elf elementalist (Elf:3)
  A ghost crab (WizLab)
  An orc high priest (Shoals:4)
  7 orc knights
  A shock serpent (WizLab)
  A deep elf knight (Elf:1)
  2 orc sorcerers
  2 apocalypse crabs (WizLab)
  A water elemental (Elf:2)
  10 orc warriors
  2 humans (Spider:1)
  A swamp drake (Lair:2)
  A black bear (D:11)
  A necrophage (Crypt:3)
  2 centaurs (D:10)
  13 orc priests
  14 orc wizards
  13 orcs
  2 fungi
  19 plants
  10 tentacles
110 creatures vanquished.

Grand Total: 2004 creatures vanquished

Notes
Turn   | Place    | Note
-------+----------+-------------------------------------------
     0 | D:1      | Gorice the Hill Orc Fighter began the quest for the Orb.
     0 | D:1      | Reached XP level 1. HP: 19/19 MP: 1/1
    55 | D:1      | Reached skill level 3 in Axes
   385 | D:1      | Reached XP level 2. HP: 26/26 MP: 2/2
   895 | D:2      | Found a shadowy altar of Dithmenos.
   904 | D:2      | Reached skill level 4 in Axes
   926 | D:2      | Reached XP level 3. HP: 30/31 MP: 3/3
  1211 | D:2      | Noticed Robin
  1224 | D:2      | HP: 9/31 [Robin/goblin (1)]
  1225 | D:2      | HP: 2/31 [goblin/dagger[Robin] (5)]
  1235 | D:2      | HP: 6/31 [goblin/dagger[Robin] (5)]
  1239 | D:2      | Reached skill level 4 in Armour
  1242 | D:2      | HP: 3/31 [goblin[Robin] (4)]
  1248 | D:2      | HP: 6/31 [goblin/club[Robin] (2)]
  1251 | D:2      | Reached XP level 4. HP: 6/39 MP: 4/4
  1253 | D:2      | HP: 6/39 [Robin/trident (1)]
  1257 | D:2      | Killed Robin
  1257 | D:2      | Reached skill level 5 in Axes
  2287 | D:3      | Reached XP level 5. HP: 45/45 MP: 5/5
  2292 | D:3      | Reached skill level 6 in Axes
  2809 | D:4      | Reached XP level 6. HP: 51/51 MP: 6/6
  2854 | D:4      | Reached skill level 7 in Axes
  2854 | D:4      | Reached skill level 5 in Armour
  2919 | D:4      | Noticed Natasha
  2935 | D:4      | Killed Natasha
  3003 | D:4      | Noticed Potsanchik's ghost (amateur HuAM)
  3027 | D:4      | Killed Potsanchik's ghost
  3027 | D:4      | Reached skill level 8 in Axes
  3027 | D:4      | Reached XP level 7. HP: 35/57 MP: 7/7
  3059 | D:4      | Noticed Natasha
  3152 | D:4      | Killed Natasha
  3197 | D:4      | Noticed Sigmund
  3214 | D:4      | Killed Sigmund
  3214 | D:4      | Reached skill level 9 in Axes
  3214 | D:4      | Reached skill level 6 in Armour
  3268 | D:4      | Found a shattered altar of Ashenzari.
  3511 | D:4      | Noticed Natasha
  3520 | D:4      | Killed Natasha
  3567 | D:5      | Entered Level 5 of the Dungeon
  4209 | D:5      | Reached XP level 8. HP: 64/64 MP: 8/8
  4279 | D:5      | Noticed Blork the orc
  4290 | D:5      | Killed Blork the orc
  4290 | D:5      | Reached skill level 10 in Axes
  5695 | D:7      | Reached skill level 7 in Armour
  5741 | D:7      | Reached skill level 11 in Axes
  6026 | D:7      | Reached XP level 9. HP: 64/70 MP: 9/9
  6037 | D:7      | Reached skill level 12 in Axes
  6075 | D:7      | Reached skill level 8 in Armour
  6212 | D:7      | Found a staircase to the Ecumenical Temple.
  6240 | Temple   | Entered the Ecumenical Temple
  6856 | D:8      | Noticed Erica
  7124 | D:7      | Reached skill level 13 in Axes
  7523 | D:8      | Found a sacrificial altar of Ru.
  7659 | D:8      | Reached skill level 9 in Armour
  7985 | D:7      | Found an ancient bone altar of Kikubaaqudgha.
  8009 | D:8      | Reached skill level 14 in Axes
  8506 | D:9      | Noticed Erolcha
  8518 | D:9      | Killed Erolcha
  8518 | D:9      | Reached XP level 10. HP: 50/77 MP: 10/10
  8951 | D:9      | Found a white marble altar of Elyvilon.
  8956 | D:9      | Reached skill level 15 in Axes
  8994 | D:9      | Reached skill level 10 in Armour
  9264 | D:9      | Noticed a two-headed ogre
  9278 | D:9      | Killed a two-headed ogre
  9411 | D:10     | Entered Level 10 of the Dungeon
  9413 | D:10     | Noticed Fannar
  9518 | D:10     | Reached skill level 16 in Axes
  9636 | D:10     | Reached skill level 4 in Fighting
  9665 | D:10     | Killed Fannar
  9665 | D:10     | Reached skill level 5 in Fighting
  9665 | D:10     | Reached skill level 11 in Armour
  9665 | D:10     | Reached XP level 11. HP: 88/88 MP: 11/11
  9800 | D:10     | Reached skill level 6 in Fighting
 10570 | D:10     | Reached skill level 7 in Fighting
 11008 | D:11     | Noticed Nergalle
 11029 | D:11     | Killed Nergalle
 11062 | D:11     | Noticed Sonja
 11070 | D:11     | Killed Sonja
 11070 | D:11     | Reached skill level 8 in Fighting
 11070 | D:11     | Reached skill level 12 in Armour
 11093 | D:11     | Noticed a purple ugly thing
 11104 | D:11     | Killed a purple ugly thing
 11262 | D:11     | Noticed an oklob plant
 11262 | D:11     | Noticed an oklob plant
 11635 | D:11     | Found a staircase to the Lair.
 11836 | D:11     | Killed an oklob plant
 11836 | D:11     | Reached skill level 9 in Fighting
 11836 | D:11     | Reached skill level 4 in Shields
 11846 | D:11     | Killed an oklob plant
 11862 | Lair:1   | Entered Level 1 of the Lair of Beasts
 12011 | Lair:1   | Reached XP level 12. HP: 105/105 MP: 12/12
 12037 | Lair:1   | Reached skill level 13 in Armour
 12092 | Lair:1   | Noticed an eight-headed hydra
 12389 | D:12     | Reached skill level 10 in Fighting
 12790 | D:12     | Found a staircase to the Orcish Mines.
 13106 | D:12     | Noticed a death knight
 13122 | D:12     | HP: 32/107 [poisoned by a death knight]
 13127 | D:12     | Killed a death knight
 13127 | D:12     | HP: 16/108 [poisoned by a death knight]
 14352 | Orc:1    | Entered Level 1 of the Orcish Mines
 14415 | Orc:1    | Reached skill level 11 in Fighting
 14419 | Orc:1    | Noticed an orc high priest
 14588 | Orc:1    | HP: 30/110 [ice devil[an orc high priest] (13)]
 14590 | Orc:1    | Killed an orc high priest
 14920 | Orc:2    | Entered Level 2 of the Orcish Mines
 14920 | Orc:2    | Found a labyrinth entrance.
 14925 | Lab      | Entered a labyrinth
 15377 | Lab      | Noticed a minotaur
 15389 | Lab      | Killed a minotaur
 15407 | Lab      | Got a pair of scorched boots
 15408 | Lab      | Identified the +2 pair of boots of the Ditch-Digger {Str+3 Int+2 Stlth+} (You found it in a labyrinth)
 15527 | Orc:1    | Reached skill level 14 in Armour
 16135 | Lair:1   | Killed an eight-headed hydra
 16135 | Lair:1   | Reached XP level 13. HP: 116/117 MP: 13/13
 16402 | Orc:2    | Reached skill level 17 in Axes
 16515 | Orc:2    | Found a staircase to the Elven Halls.
 16754 | Orc:2    | Reached skill level 12 in Fighting
 16820 | Orc:2    | Became a worshipper of Beogh the Brigand
 17114 | Orc:2    | Found Ushalium's Food Boutique.
 17114 | Orc:2    | Found Kujamp's Weapon Shop.
 17114 | Orc:2    | Found Emygix's Magic Scroll Shop.
 17119 | Orc:2    | Found Goocir's Antique Weapon Boutique.
 17128 | Orc:2    | Bought a scroll of identify for 26 gold pieces
 17128 | Orc:2    | Bought a scroll of blinking for 97 gold pieces
 17128 | Orc:2    | Bought a scroll of enchant weapon for 97 gold pieces
 17324 | Lair:1   | Noticed Potsanchik's ghost (journeyman HuAM)
 17359 | Lair:1   | Killed Potsanchik's ghost
 17359 | Lair:1   | Reached * piety under Beogh
 17954 | Lair:2   | Found a staircase to the Shoals.
 18371 | Lair:2   | Noticed Potsanchik's ghost (journeyman HuAM)
 18401 | Lair:2   | Killed Potsanchik's ghost
 18902 | Lair:3   | Reached skill level 13 in Fighting
 18985 | Lair:3   | Reached skill level 15 in Armour
 19106 | Lair:3   | Reached ** piety under Beogh
 19169 | Lair:3   | Reached skill level 18 in Axes
 19707 | Lair:3   | Reached skill level 1 in Throwing
 19744 | Lair:3   | Reached XP level 14. HP: 130/130 MP: 14/14
 19982 | Lair:3   | Reached skill level 2 in Throwing
 20186 | Lair:4   | Noticed Josephine
 20194 | Lair:3   | Reached *** piety under Beogh
 20206 | Lair:3   | Killed Josephine
 20376 | Lair:3   | Reached skill level 14 in Fighting
 21221 | Lair:4   | Reached skill level 3 in Throwing
 21303 | Lair:4   | Found a hole to the Spider Nest.
 21518 | Lair:4   | Found the +18 shield of the Gong {rElec rN+ MR+ EV-5}
 22306 | Lair:5   | Found a transporter.
 22923 | Lair:4   | Reached skill level 4 in Throwing
 22932 | Lair:4   | Reached skill level 16 in Armour
 23079 | Lair:5   | Found a transporter.
 23295 | Lair:5   | Noticed Nessos
 23310 | Lair:5   | Killed Nessos
 23589 | Lair:6   | Entered Level 6 of the Lair of Beasts
 23761 | Lair:6   | Reached skill level 5 in Throwing
 23932 | Lair:6   | Reached **** piety under Beogh
 23959 | Lair:6   | Reached skill level 15 in Fighting
 24189 | Lair:6   | Reached skill level 6 in Throwing
 24385 | Lair:6   | Found a staircase to the Slime Pits.
 24588 | Lair:6   | Reached XP level 15. HP: 126/141 MP: 15/15
 24601 | Lair:6   | Reached ***** piety under Beogh
 24690 | Lair:6   | Found a large runed door.
 24691 | Lair:6   | Found a large runed door.
 24840 | Lair:6   | Gained Beowulf as an ally
 24840 | Lair:6   | Reached skill level 7 in Throwing
 24963 | Lair:5   | Got a warped trident
 25339 | D:13     | Reached skill level 16 in Fighting
 25368 | D:13     | Reached skill level 1 in Invocations
 25535 | D:13     | Reached skill level 2 in Invocations
 25574 | D:13     | Reached skill level 3 in Invocations
 25657 | D:13     | Found a gate to the Vaults.
 25660 | D:13     | Reached skill level 8 in Throwing
 25664 | D:13     | Reached skill level 4 in Invocations
 25849 | D:13     | Reached skill level 5 in Invocations
 26028 | D:13     | Identified a scroll of acquirement
 26230 | D:14     | Reached skill level 6 in Invocations
 26405 | D:14     | Gained Morun as an ally
 26416 | D:14     | Reached skill level 9 in Throwing
 26418 | D:14     | Reached skill level 7 in Invocations
 26465 | D:14     | Reached ****** piety under Beogh
 26619 | D:14     | Reached skill level 8 in Invocations
 26786 | D:14     | Found Qerisim's Jewellery Boutique.
 27067 | D:15     | Entered Level 15 of the Dungeon
 27152 | D:15     | Paralysed by a wizard for 6 turns
 27154 | D:15     | Noticed teton's ghost (adept DrFE)
 27172 | D:15     | Killed teton's ghost
 27172 | D:15     | Reached skill level 10 in Throwing
 27233 | D:15     | Noticed Louise
 27242 | D:15     | Killed Louise
 27242 | D:15     | Reached skill level 1 in Evocations
 27353 | D:15     | Reached skill level 2 in Evocations
 27353 | D:15     | Reached XP level 16. HP: 149/151 MP: 22/22
 27488 | D:15     | Reached skill level 3 in Evocations
 27844 | D:15     | Reached skill level 4 in Evocations
 28072 | Spider:1 | Entered Level 1 of the Spider Nest
 28136 | Spider:1 | Noticed Kirke
 28145 | Spider:1 | Killed Kirke
 28160 | Spider:1 | Reached skill level 5 in Evocations
 28216 | Spider:1 | Reached skill level 19 in Axes
 28264 | Spider:1 | Noticed Roxanne
 28568 | Spider:2 | Reached skill level 6 in Evocations
 28626 | Spider:2 | HP: 35/151 [wolf spider (12)]
 28993 | Spider:2 | Reached skill level 7 in Evocations
 29466 | Spider:3 | Noticed Jorgrun
 29483 | Spider:3 | Killed Jorgrun
 29793 | Spider:3 | Reached skill level 8 in Evocations
 30744 | Spider:4 | Entered Level 4 of the Spider Nest
 30747 | Spider:4 | Reached skill level 20 in Axes
 30849 | Spider:4 | Got a jade-studded ring mail
 30870 | Spider:4 | Reached XP level 17. HP: 145/158 MP: 23/23
 30880 | Spider:4 | Reached skill level 9 in Evocations
 31359 | Spider:4 | Noticed Bai Suzhen
 31374 | Spider:4 | Killed Bai Suzhen
 31374 | Spider:4 | Reached skill level 10 in Evocations
 31827 | Spider:4 | Reached skill level 11 in Evocations
 31863 | Spider:4 | Your ally Beowulf died
 32097 | Spider:4 | Got a gossamer rune of Zot
 32288 | Lair:1   | Identified the cursed +1 ring mail of Kindness {rC++ Str+3} (You found it on level 4 of the Spider Nest)
 32353 | Shoals:1 | Entered Level 1 of the Shoals
 32711 | Shoals:1 | Noticed a kraken
 32727 | Shoals:1 | Killed a kraken
 32727 | Shoals:1 | Reached skill level 12 in Evocations
 33630 | Shoals:2 | Identified the Catalogue of Ice and Toxins
 34195 | Shoals:2 | Reached skill level 21 in Axes
 34871 | Shoals:3 | Found a shimmering altar of Xom.
 34891 | Shoals:3 | Your ally Morun died
 34965 | Shoals:3 | Reached XP level 18. HP: 160/166 MP: 27/27
 35458 | Shoals:3 | Reached skill level 22 in Axes
 35462 | Shoals:3 | Gained Bogdan as an ally
 35650 | Shoals:3 | Gained Beowulf as an ally
 35664 | Shoals:3 | Your ally Beowulf died
 35667 | Shoals:3 | Your ally Bogdan died
 36105 | Vaults:1 | Entered Level 1 of the Vaults
 36161 | Vaults:1 | Noticed a Brimstone Fiend
 36164 | Vaults:1 | HP: 43/166 [???[an ironheart preserver] (33)]
 36169 | Vaults:1 | HP: 43/166 [poisoned by a reaper]
 36175 | Vaults:1 | HP: 43/166 [poisoned by a reaper]
 36181 | Vaults:1 | HP: 45/166 [poisoned by a reaper]
 36186 | D:13     | HP: 47/166 [poisoned by a reaper]
 36842 | Vaults:1 | Gained Borgun as an ally
 37400 | Vaults:1 | HP: 45/166 [yaktaur captain/bolt (38)]
 37417 | Vaults:1 | Your ally Borgun died
 37440 | Vaults:1 | Reached skill level 23 in Axes
 38441 | Vaults:2 | Gained Ortolf as an ally
 38470 | Vaults:2 | Gained Brandogh as an ally
 38531 | Vaults:2 | Got a pitted amber ring
 38643 | Vaults:2 | Gained Gorbash as an ally
 38659 | Vaults:2 | Reached skill level 24 in Axes
 39000 | Vaults:2 | Reached skill level 9 in Invocations
 39899 | Vaults:2 | Identified the ring of Limitation {Wiz rF- rC++ Str+2} (You found it on level 2 of the Vaults)
 40230 | Vaults:3 | Reached XP level 19. HP: 172/172 MP: 28/28
 40457 | Vaults:3 | Found a staircase to the Crypt.
 40460 | Vaults:3 | Reached skill level 10 in Invocations
 40811 | Vaults:3 | Reached skill level 11 in Invocations
 41080 | Vaults:3 | Reached skill level 25 in Axes
 41211 | Vaults:3 | Found Emigaliq Elo's Food Emporium.
 41293 | Vaults:3 | Reached skill level 12 in Invocations
 41650 | Vaults:4 | Noticed a golden dragon
 41664 | Vaults:4 | Killed a golden dragon
 41668 | Vaults:4 | HP: 51/172 [flayed ghost/flay_damage (22)]
 41964 | Vaults:4 | Found Delevin's Jewellery Emporium.
 42233 | Vaults:4 | Reached skill level 13 in Invocations
 42681 | Vaults:4 | Gained Borgoth as an ally
 43308 | Shoals:4 | Entered Level 4 of the Shoals
 43387 | Shoals:4 | Gained Wulfoc as an ally
 43579 | Shoals:4 | Reached skill level 14 in Invocations
 43649 | Shoals:4 | Reached XP level 20. HP: 92/180 MP: 23/30
 43772 | Shoals:4 | Got a barnacled rune of Zot
 44180 | Shoals:4 | Reached skill level 26 in Axes
 44238 | Shoals:4 | Noticed Ilsuiw
 44247 | Shoals:4 | Killed Ilsuiw
 44248 | Shoals:4 | Your ally Ortolf died
 44260 | Shoals:4 | Your ally Gorbash died
 45285 | Crypt:1  | Entered Level 1 of the Crypt
 45391 | Crypt:1  | Found an ancient bone altar of Kikubaaqudgha.
 46437 | Crypt:2  | Found a magical portal.
 46448 | WizLab   | Entered The Chambers of the Cloud Mage
 46480 | WizLab   | HP: 53/180 [poisoned by a death drake (dark miasma)]
 46500 | WizLab   | HP: 53/182 [air elemental/tornado (5)]
 46507 | WizLab   | HP: 53/182 [spark wasp (5)]
 46512 | WizLab   | HP: 40/182 [spark wasp (8)]
 46519 | WizLab   | HP: 35/182 [air elemental (2)]
 46524 | WizLab   | HP: 28/182 [air elemental/tornado (5)]
 47153 | WizLab   | Noticed Ygediv
 47178 | WizLab   | Killed Ygediv the Cloud Mage
 47178 | WizLab   | Reached skill level 17 in Fighting
 47243 | WizLab   | Got an ancient brass ring
 47254 | WizLab   | Got a steaming copper ring
 47259 | WizLab   | Identified Zaviahodau's Handbook of Weightlessness
 47265 | WizLab   | Identified the ring "Jotuoplu" {+Fly rElec rPois Int+3} (You took it off a spriggan air mage in a wizard's laboratory)
 47266 | WizLab   | Identified the ring of Refoese {+Blink +Fly Dex+2} (You found it in a wizard's laboratory)
 47428 | Crypt:2  | Reached skill level 17 in Armour
 48070 | Crypt:2  | Noticed Sojobo
 48074 | Crypt:2  | Killed Sojobo
 48113 | Crypt:2  | Your ally Wulfoc died
 48163 | Crypt:2  | Got a heavily runed chain mail
 48176 | Crypt:2  | Gained Bogrim as an ally
 48182 | Crypt:2  | Identified the +1 chain mail of the Immovable Places {rF+ MR- Slay+2} (You found it on level 2 of the Crypt)
 48508 | Crypt:2  | Noticed Jory
 48526 | Crypt:2  | Killed Jory
 48737 | Crypt:3  | Entered Level 3 of the Crypt
 48801 | Crypt:3  | Reached skill level 18 in Armour
 49118 | Crypt:3  | Found an ancient bone altar of Kikubaaqudgha.
 49124 | Crypt:3  | Reached skill level 18 in Fighting
 49143 | Crypt:3  | Reached XP level 21. HP: 137/194 MP: 31/31
 49288 | Crypt:3  | Noticed Frederick
 49318 | Crypt:3  | Killed Frederick
 49337 | Crypt:3  | Reached skill level 19 in Armour
 49337 | Crypt:3  | Gained Arkwar as an ally
 49470 | Crypt:3  | Noticed a profane servitor
 49483 | Crypt:3  | Killed a profane servitor
 49732 | Crypt:3  | Found a staircase to the Tomb.
 49767 | Crypt:3  | Identified Iliown's Compendium of Stolen Souls
 49857 | Crypt:3  | Noticed a bone dragon
 49866 | Crypt:3  | Killed a bone dragon
 49881 | Crypt:3  | Got a jewelled helmet
 49883 | Crypt:3  | Identified the +1 helmet of Nuci Uni {+Blink Str+5 Slay-5} (You found it on level 3 of the Crypt)
 49985 | Crypt:3  | Identified the cursed +0 plate armour of Soceog {+Fly rN+} (You found it on level 3 of the Crypt)
 50030 | Crypt:3  | Reached skill level 20 in Armour
 50463 | Lair:1   | Upgraded the game from 0.22-a0 to 0.22-a0-3-g4fa69d9
 50465 | Lair:1   | Learned a level 1 spell: Apportation
 50468 | Lair:1   | Learned a level 2 spell: Swiftness
 50472 | Lair:1   | Learned a level 3 spell: Regeneration
 50618 | Elf:1    | Entered Level 1 of the Elven Halls
 50658 | Elf:1    | Reached skill level 19 in Fighting
 50823 | Elf:1    | Your ally Bogrim died
 50832 | Elf:1    | Your ally Borgoth died
 50854 | Elf:1    | Gained Ortolf as an ally
 51287 | Elf:1    | Found Janwoum's Jewellery Boutique.
 51288 | Elf:1    | Found Oshruq's Gadget Emporium.
 51289 | Elf:1    | Found Elomyvi's Jewellery Boutique.
 51303 | Elf:1    | Bought a cursed ring of loudness for 90 gold pieces
 51647 | Elf:2    | Found Bokhirahe's Antique Weapon Emporium.
 52102 | Elf:2    | Learned a level 2 spell: Blink
 52140 | Elf:2    | Reached skill level 21 in Armour
 52200 | Elf:2    | Found a huge runed gate.
 52200 | Elf:2    | Found a huge runed gate.
 52200 | Elf:2    | Found a huge runed gate.
 52202 | Elf:2    | Found a huge runed gate.
 52204 | Elf:2    | Found a huge runed gate.
 53462 | Elf:3    | Entered Level 3 of the Elven Halls
 53512 | Elf:3    | Reached skill level 20 in Fighting
 53548 | Elf:3    | Reached XP level 22. HP: 175/209 MP: 32/32
 53554 | Elf:3    | Noticed Mara
 53570 | Elf:3    | Found a flickering gateway to a bazaar.
 53580 | Elf:3    | Noticed Gorice's illusion
 53582 | Elf:3    | Killed Mara
 53666 | Bazaar   | Entered a bazaar
 53679 | Bazaar   | Found Agrob's Weapon Emporium.
 53680 | Bazaar   | Found Qanoic's Armour Emporium.
 53715 | Bazaar   | Found Buing's Food Shoppe.
 53715 | Bazaar   | Found Meawauc's Weapon Shoppe.
 53747 | Bazaar   | --Wow that was the worst caravan evar - not even a pot of healing!
 54277 | Elf:3    | HP: 58/210 [deep elf annihilator/iron shot (14)]
 54600 | Elf:3    | HP: 55/211 [deep elf high priest/divine providence (13)]
 54605 | Elf:3    | HP: 57/211 [poisoned by a deep elf annihilator (poison arrow)]
 54613 | Elf:3    | Your ally Ortolf died
 55138 | Elf:3    | Got an ancient plate armour
 55142 | Elf:3    | Identified the cursed +1 plate armour "Umoe" {Str+2} (You took it off a deep elf high priest on level 3 of the Elven Halls)
 55161 | Elf:3    | Identified the Collected Works on Fetching Feathers
 55184 | Elf:3    | Learned a level 3 spell: Portal Projectile
 55206 | Elf:3    | Identified the cursed +0 helmet "Ikhlode" {Str+3} (You found it on level 3 of the Elven Halls)
 56748 | Depths:1 | Entered Level 1 of the Depths
 56762 | Depths:1 | Reached skill level 22 in Armour
 56767 | Depths:1 | Found a gateway to Hell.
 56885 | Depths:1 | Reached skill level 21 in Fighting
 57215 | Depths:1 | Noticed Saint Roka
 57216 | Depths:1 | HP: 54/213 [Saint Roka/divine providence (12)]
 57222 | Depths:1 | HP: 40/213 [yaktaur/bolt (20)]
 57234 | Depths:1 | Killed Saint Roka
 57652 | Depths:1 | Your ally Arkwar died
 57689 | Depths:1 | Gained Beowulf as an ally
 57713 | Depths:1 | Found a one-way gate to the infinite horrors of the Abyss.
 57764 | Depths:1 | Your ally Beowulf died
 58184 | Depths:1 | Got a shimmering pewter ring
 58195 | Depths:1 | Identified the ring of Puduis {MR+ Int+3 Dex+3} (You found it on level 1 of the Depths)
 58383 | Depths:2 | Found a gateway to a ziggurat.
 58414 | Depths:2 | Reached skill level 22 in Fighting
 58597 | Depths:2 | HP: 47/215 [red draconian knight/shard of ice (25)]
 58598 | Depths:2 | HP: 23/215 [red draconian knight/halberd of freezing (3)]
 58599 | Depths:2 | Killed from afar by a red draconian knight

Vault maps used:
D:1:      sevenhm_arrival_forest_fort_large_3, palyth_stone_intersect
D:2:      nicolae_dithmenos_shadow_blocks, serial_glass, glass_columns_a,
          glass_columns_a, first_ration, uniq_robin
D:4:      cheibrodos_ashenzari_chains, uniq_natasha, uniq_sigmund
D:5:      uniq_blork_the_orc
D:7:      lemuel_upstairs_altar, temple_pool_b
D:8:      basic_altar, uniq_erica
D:9:      basic_altar, uniq_erolcha
D:10:     uniq_fannar
D:11:     dpeg_oklobed_lair, uniq_nergalle, uniq_sonja
D:12:     orc_0_dummy
D:13:     grunt_vaults_entry_tiered, serial_ice, serial_ice_b, serial_ice_a,
          serial_ice_c, serial_ice_o, serial_ice_n
D:14:     serial_shops, shop
D:15:     hangedman_depths_entry_try_elsewhere_first, wad_floor_pattern_2,
          uniq_louise
Temple:   nicolae_temple_the_god_donut
Lair:2:   minmay_lair_oklob_tunnel, minmay_shoals_entry_beasts, special_room,
          minivault_19, pond
Lair:3:   minmay_stone_trees_medium, zaba_antful_of_joy
Lair:4:   spider_nest_entry_webs, serial_bayou_lagoon_b, uniq_josephine
Lair:5:   gammafunk_cloud_chamber, uniq_nessos
Lair:6:   cheibrodos_lair_end_hotspot, minmay_slime_entry_pillars,
          portal_ice_cave_rime, st_stairs_12, serial_bayou_pond_a
Shoals:3: lemuel_oklob_altar
Shoals:4: shoals_end_grunt_ice, shoal_ilsuiw
Spider:1: uniq_roxanne, uniq_kirke
Spider:3: uniq_jorgrun
Spider:4: grunt_spider_rune_circles, uniq_bai_suzhen
Orc:1:    enter_volcano_3
Orc:2:    st_orc_mages, lab_entry_generic
Elf:1:    minivault_28, minmay_shop_grove
Elf:2:    serial_shops, shop
Elf:3:    minmay_elf_hall_spiked, serial_shops, bzr_entry_lakeside, uniq_mara
Vaults:1: nicolae_vaults_shelves_hall, st_lines, nicolae_vaults_big_ls,
          nicolae_vaults_diagonal_hallway_7, hangedman_vaults_stream,
          vaults_room_door_ring, ontoclasm_vaults_decontamination,
          grunt_vaults_hallway_short, vaults_mumra_hexcomb
Vaults:2: grunt_vaults_funneled_arena, hangedman_vaults_pinch, v_misc_30,
          vaults_room_large_hall, vaults_dpeg_doors,
          nicolae_vaults_little_squares_6, nicolae_vaults_what_the_h,
          vaults_dpeg_ring
Vaults:3: nicolae_vaults_back_hallway, ontoclasm_vaults_twist, v_rooms_3,
          nicolae_vaults_three_branches, vaults_room_boxed, v_misc_15,
          minmay_crypt_entry_simple_round, vaults_room_stairs_pillars,
          vaults_room_pools, hangedman_vaults_corner, hangedman_vaults_slice,
          nicolae_vaults_little_squares_4, v_misc_14, grunt_vaults_hallway_long,
          vaults_standard_mumra_x, serial_shops, nicolae_shop_crystal,
          serial_glass
Vaults:4: ontoclasm_vaults_chip, ontoclasm_vaults_gallery,
          nicolae_vaults_windows_and_doors_thing, grunt_vaults_trifunnel,
          ontoclasm_vaults_ring_small, v_misc_12, vaults_dpeg_cross, v_rooms_1,
          nicolae_vaults_bisected_inception, ontoclasm_vaults_bender,
          hangedman_vaults_capsules, v_misc_14, serial_shops,
          nicolae_shop_crystal
Crypt:1:  serial_sigils, serial_sigils_hangedman_scar,
          serial_sigils_hangedman_clutch, serial_sigils_hangedman_stare,
          serial_sigils_hangedman_confine, serial_sigils_hangedman_scratch,
          basic_altar
Crypt:2:  mu_enter_wizlab_3, minivault_27, small_statue_intersection,
          hex_medium, uniq_sojobo, uniq_jory
Crypt:3:  grunt_crypt_end_deaths_head, uniq_frederick
Depths:1: abyss_entry, serial_bayou, serial_bayou_pond_c, serial_bayou_pond_a,
          serial_bayou_pond_d, serial_bayou_lake_a, serial_bayou_lagoon_a,
          serial_bayou_shore_b, hell_entry, minmay_fire_ice_demons,
          uniq_saint_roka
Depths:2: lemuel_minitomb, enter_ziggurat_a, serial_bayou_pond_e, abyss_entry,
          grunt_mini_vestibule, minmay_misc_feat_doors, sword_in_stone
Lab:      labyrinth_spiral, nicolae_lab_big_swirl, nicolae_lab_lava
Bazaar:   grunt_bazaar_doublecross
WizLab:   wizlab_cloud

Skill      XL: |  1  2  3  4  5  6  7  8  9 10 11 12 13 14 15 16 17 18 19 20 21 22 |
---------------+-------------------------------------------------------------------+-----
Axes           | 3 4 5 6 8 9 11 14 16 18 20 21 24 25 26 | 26.0
Armour         | 4 5 6 7 9 11 12 14 15 16 18 21 22 | 22.0
Fighting       | 5 9 11 13 15 16 18 20 22 | 22.0
Shields        | 4 |  4.0
Throwing       | 1 6 10 | 10.1
Invocations    | 8 9 14 | 14.4
Evocations     | 2 8 12 | 12.0
Spellcasting   | |  0.3
Translocations | |  0.4

Action                   |  1- 3 |  4- 6 |  7- 9 | 10-12 | 13-15 | 16-18 | 19-21 | 22-24 || total
-------------------------+-------+-------+-------+-------+-------+-------+-------+-------++-------
Melee: War axe           |   101 |   146 |   418 |   556 |       |       |       |       ||  1221
       Broad axe         |       |       |       |   182 |  1092 |   469 |       |       ||  1743
       Mace              |       |       |       |     2 |    28 |     7 |       |       ||    37
       Battleaxe         |       |       |       |       |       |   307 |       |       ||   307
       Executioner's axe |       |       |       |       |       |   318 |  1162 |   344 ||  1824
 Fire: Hunting sling     |    12 |     3 |     2 |    34 |     7 |       |       |       ||    58
       Blowgun           |       |       |       |     5 |     3 |       |       |       ||     8
Throw: Tomahawk          |       |     3 |    13 |       |     3 |    49 |     2 |       ||    70
       Javelin           |       |       |       |       |     4 |       |     3 |       ||     7
Invok: Convert to Beogh  |       |       |       |       |     1 |       |       |       ||     1
       Smiting           |       |       |       |       |     4 |     9 |    29 |     4 ||    46
       Recall Orcish Fol |       |       |       |       |       |     9 |    13 |     5 ||    27
Evoke: Wand              |       |       |     6 |    11 |    10 |     1 |       |       ||    28
  Use: Scroll            |     2 |     9 |     5 |     6 |     5 |    10 |    10 |     5 ||    52
       Potion            |     2 |       |       |     5 |     3 |     1 |     7 |       ||    18
 Stab: Invisible         |       |       |       |     1 |       |       |       |       ||     1
       Paralysed         |       |       |       |       |     2 |     4 |       |       ||     6
       Distracted        |       |       |       |       |     3 |     6 |    10 |     5 ||    24
  Eat: Chunk             |     1 |     6 |    18 |    17 |    30 |    30 |    32 |     9 ||   143
       Ration            |       |       |       |     2 |     2 |     3 |     4 |     2 ||    13
Armor: Scale mail        |    63 |    34 |       |       |       |       |       |       ||    97
       Plate armour      |       |    10 |   222 |   376 |   622 |   438 |       |   126 ||  1794
       Skin              |       |       |       |    23 |       |       |       |       ||    23
       Storm dragon scal |       |       |       |       |       |   608 |   911 |    84 ||  1603
Dodge: Dodged            |    32 |    27 |    36 |   131 |   273 |   470 |   383 |    95 ||  1447
Block: Shield            |    60 |    89 |   267 |   199 |       |       |       |       ||   615
       Reflection        |       |     1 |     3 |    30 |     7 |       |       |       ||    41
       Buckler           |       |       |       |   183 |   385 |   169 |       |       ||   737
       Other             |       |       |       |     2 |       |       |       |       ||     2

Table legend:
 A = Spawn XP
 B = Non-spawn XP
 C = Spawn XP percentage of total XP
 D = Spawn monster count
 E = Non-spawn monster count
 F = Spawn count percentage of total count
 G = Total turns spent on level
                    A         B        C        D         E        F      G
               +---------+---------+-------+---------+---------+-------+---------
         Total |       0 |  693861 |   0.0 |       0 |    1856 |   0.0 | 58599
               +---------+---------+-------+---------+---------+-------+---------
           D:1 |       0 |      17 |   0.0 |       0 |      10 |   0.0 |  1092
           D:2 |       0 |      89 |   0.0 |       0 |      35 |   0.0 |   919
           D:3 |       0 |     181 |   0.0 |       0 |      26 |   0.0 |   790
           D:4 |       0 |     748 |   0.0 |       0 |      14 |   0.0 |   766
           D:5 |       0 |     322 |   0.0 |       0 |      18 |   0.0 |  1039
           D:6 |       0 |     251 |   0.0 |       0 |      10 |   0.0 |  1077
           D:7 |       0 |    1811 |   0.0 |       0 |      25 |   0.0 |  1272
           D:8 |       0 |    1215 |   0.0 |       0 |      23 |   0.0 |  1292
           D:9 |       0 |    3230 |   0.0 |       0 |      29 |   0.0 |   931
          D:10 |       0 |    4962 |   0.0 |       0 |      41 |   0.0 |  1548
          D:11 |       0 |    5322 |   0.0 |       0 |      32 |   0.0 |  2118
          D:12 |       0 |    7470 |   0.0 |       0 |      46 |   0.0 |  2681
          D:13 |       0 |   17259 |   0.0 |       0 |      65 |   0.0 |  1647
          D:14 |       0 |   16179 |   0.0 |       0 |      46 |   0.0 |  1029
          D:15 |       0 |   16862 |   0.0 |       0 |      33 |   0.0 |  1041
        Lair:1 |       0 |    4547 |   0.0 |       0 |      15 |   0.0 |  1051
        Lair:2 |       0 |    9082 |   0.0 |       0 |      38 |   0.0 |  1496
        Lair:3 |       0 |   13966 |   0.0 |       0 |      68 |   0.0 |  1815
        Lair:4 |       0 |    5563 |   0.0 |       0 |      20 |   0.0 |  1925
        Lair:5 |       0 |    7710 |   0.0 |       0 |      22 |   0.0 |  1604
        Lair:6 |       0 |   17353 |   0.0 |       0 |      62 |   0.0 |  1122
      Shoals:1 |       0 |   10773 |   0.0 |       0 |      20 |   0.0 |  1150
      Shoals:2 |       0 |   15948 |   0.0 |       0 |      40 |   0.0 |  1367
      Shoals:3 |       0 |   16767 |   0.0 |       0 |      38 |   0.0 |  1160
      Shoals:4 |       0 |   27411 |   0.0 |       0 |      58 |   0.0 |  1635
      Spider:1 |       0 |   12199 |   0.0 |       0 |      42 |   0.0 |   487
      Spider:2 |       0 |   14374 |   0.0 |       0 |      43 |   0.0 |   832
      Spider:3 |       0 |   11398 |   0.0 |       0 |      37 |   0.0 |  1563
      Spider:4 |       0 |   32609 |   0.0 |       0 |      74 |   0.0 |  1162
         Orc:1 |       0 |    2726 |   0.0 |       0 |      35 |   0.0 |   830
         Orc:2 |       0 |    5227 |   0.0 |       0 |      56 |   0.0 |  1354
         Elf:1 |       0 |   19177 |   0.0 |       0 |      41 |   0.0 |  1158
         Elf:2 |       0 |   35604 |   0.0 |       0 |      67 |   0.0 |  1382
         Elf:3 |       0 |   49198 |   0.0 |       0 |      72 |   0.0 |  2002
      Vaults:1 |       0 |   29263 |   0.0 |       0 |      63 |   0.0 |  2301
      Vaults:2 |       0 |   31541 |   0.0 |       0 |      65 |   0.0 |  1959
      Vaults:3 |       0 |   38886 |   0.0 |       0 |      68 |   0.0 |  1441
      Vaults:4 |       0 |   34063 |   0.0 |       0 |      50 |   0.0 |  1578
       Crypt:1 |       0 |   15041 |   0.0 |       0 |      27 |   0.0 |  1241
       Crypt:2 |       0 |   21965 |   0.0 |       0 |      26 |   0.0 |   787
       Crypt:3 |       0 |   65502 |   0.0 |       0 |     127 |   0.0 |  1424
      Depths:1 |       0 |   30712 |   0.0 |       0 |      72 |   0.0 |  1330
      Depths:2 |       0 |   20464 |   0.0 |       0 |      30 |   0.0 |   380
           Lab |       0 |    1105 |   0.0 |       0 |       1 |   0.0 |   517
        WizLab |       0 |   17769 |   0.0 |       0 |      26 |   0.0 |   966
               +---------+---------+-------+---------+---------+-------+---------

Table legend:
 A = Turns spent in this place as a percentage of turns spent in the entire game.
 B = Non-inter-level travel turns spent in this place as a percentage of non-inter-level travel turns spent in the entire game.
 C = Inter-level travel turns spent in this place as a percentage of turns spent in this place.
 D = Turns resting spent in this place as a percentage of non-inter-level travel turns spent in this place.
 E = Turns spent auto-exploring this place as a percentage of non-inter-level travel turns spent in this place.
 F = Non-inter-level travel turns spent in this place divided by the number of levels of this place that you've seen.
                   A       B       C       D       E      F
               +-------+-------+-------+-------+-------+----------------------
         Total | 100.0 | 100.0 |  10.9 |  19.3 |  39.0 | 1110.7
       Dungeon |  32.8 |  32.5 |  11.9 |  18.3 |  50.4 | 1130.0
        Temple |   0.4 |   0.5 |   6.7 |   0.0 |  99.1 | 235.0
          Lair |  15.4 |  15.1 |  12.8 |  26.2 |  35.0 | 1309.7
        Shoals |   9.1 |   9.7 |   4.6 |  29.7 |  35.4 | 1267.2
   Spider Nest |   6.9 |   7.0 |   9.2 |  17.2 |  38.1 | 918.0
  Orcish Mines |   3.7 |   3.2 |  23.7 |   3.3 |  28.5 | 833.0
   Elven Halls |   7.8 |   7.8 |  10.3 |  16.1 |  34.5 | 1358.7
        Vaults |  12.4 |  12.0 |  13.9 |  14.2 |  30.7 | 1567.0
         Crypt |   5.9 |   6.0 |   8.7 |  17.8 |  35.7 | 1050.3
        Depths |   2.9 |   3.2 |   1.1 |  17.0 |  37.1 | 845.5
     Labyrinth |   0.9 |   1.0 |   0.0 |   0.0 |   0.0 | 517.0
        Bazaar |   0.1 |   0.2 |   0.0 |   0.0 |   0.0 |  86.0
        Wizlab |   1.6 |   1.9 |   0.0 |  35.8 |   8.3 | 966.0
               +-------+-------+-------+-------+-------+----------------------

Vault maps used:
D:1:      sevenhm_arrival_forest_fort_large_3, palyth_stone_intersect
D:2:      nicolae_dithmenos_shadow_blocks, serial_glass, glass_columns_a,
          glass_columns_a, first_ration, uniq_robin
D:4:      cheibrodos_ashenzari_chains, uniq_natasha, uniq_sigmund
D:5:      uniq_blork_the_orc
D:7:      lemuel_upstairs_altar, temple_pool_b
D:8:      basic_altar, uniq_erica
D:9:      basic_altar, uniq_erolcha
D:10:     uniq_fannar
D:11:     dpeg_oklobed_lair, uniq_nergalle, uniq_sonja
D:12:     orc_0_dummy
D:13:     grunt_vaults_entry_tiered, serial_ice, serial_ice_b, serial_ice_a,
          serial_ice_c, serial_ice_o, serial_ice_n
D:14:     serial_shops, shop
D:15:     hangedman_depths_entry_try_elsewhere_first, wad_floor_pattern_2,
          uniq_louise
Temple:   nicolae_temple_the_god_donut
Lair:2:   minmay_lair_oklob_tunnel, minmay_shoals_entry_beasts, special_room,
          minivault_19, pond
Lair:3:   minmay_stone_trees_medium, zaba_antful_of_joy
Lair:4:   spider_nest_entry_webs, serial_bayou_lagoon_b, uniq_josephine
Lair:5:   gammafunk_cloud_chamber, uniq_nessos
Lair:6:   cheibrodos_lair_end_hotspot, minmay_slime_entry_pillars,
          portal_ice_cave_rime, st_stairs_12, serial_bayou_pond_a
Shoals:3: lemuel_oklob_altar
Shoals:4: shoals_end_grunt_ice, shoal_ilsuiw
Spider:1: uniq_roxanne, uniq_kirke
Spider:3: uniq_jorgrun
Spider:4: grunt_spider_rune_circles, uniq_bai_suzhen
Orc:1:    enter_volcano_3
Orc:2:    st_orc_mages, lab_entry_generic
Elf:1:    minivault_28, minmay_shop_grove
Elf:2:    serial_shops, shop
Elf:3:    minmay_elf_hall_spiked, serial_shops, bzr_entry_lakeside, uniq_mara
Vaults:1: nicolae_vaults_shelves_hall, st_lines, nicolae_vaults_big_ls,
          nicolae_vaults_diagonal_hallway_7, hangedman_vaults_stream,
          vaults_room_door_ring, ontoclasm_vaults_decontamination,
          grunt_vaults_hallway_short, vaults_mumra_hexcomb
Vaults:2: grunt_vaults_funneled_arena, hangedman_vaults_pinch, v_misc_30,
          vaults_room_large_hall, vaults_dpeg_doors,
          nicolae_vaults_little_squares_6, nicolae_vaults_what_the_h,
          vaults_dpeg_ring
Vaults:3: nicolae_vaults_back_hallway, ontoclasm_vaults_twist, v_rooms_3,
          nicolae_vaults_three_branches, vaults_room_boxed, v_misc_15,
          minmay_crypt_entry_simple_round, vaults_room_stairs_pillars,
          vaults_room_pools, hangedman_vaults_corner, hangedman_vaults_slice,
          nicolae_vaults_little_squares_4, v_misc_14, grunt_vaults_hallway_long,
          vaults_standard_mumra_x, serial_shops, nicolae_shop_crystal,
          serial_glass
Vaults:4: ontoclasm_vaults_chip, ontoclasm_vaults_gallery,
          nicolae_vaults_windows_and_doors_thing, grunt_vaults_trifunnel,
          ontoclasm_vaults_ring_small, v_misc_12, vaults_dpeg_cross, v_rooms_1,
          nicolae_vaults_bisected_inception, ontoclasm_vaults_bender,
          hangedman_vaults_capsules, v_misc_14, serial_shops,
          nicolae_shop_crystal
Crypt:1:  serial_sigils, serial_sigils_hangedman_scar,
          serial_sigils_hangedman_clutch, serial_sigils_hangedman_stare,
          serial_sigils_hangedman_confine, serial_sigils_hangedman_scratch,
          basic_altar
Crypt:2:  mu_enter_wizlab_3, minivault_27, small_statue_intersection,
          hex_medium, uniq_sojobo, uniq_jory
Crypt:3:  grunt_crypt_end_deaths_head, uniq_frederick
Depths:1: abyss_entry, serial_bayou, serial_bayou_pond_c, serial_bayou_pond_a,
          serial_bayou_pond_d, serial_bayou_lake_a, serial_bayou_lagoon_a,
          serial_bayou_shore_b, hell_entry, minmay_fire_ice_demons,
          uniq_saint_roka
Depths:2: lemuel_minitomb, enter_ziggurat_a, serial_bayou_pond_e, abyss_entry,
          grunt_mini_vestibule, minmay_misc_feat_doors, sword_in_stone
Lab:      labyrinth_spiral, nicolae_lab_big_swirl, nicolae_lab_lava
Bazaar:   grunt_bazaar_doublecross
WizLab:   wizlab_cloud
